 Dungeon Crawl Stone Soup version 0.20.0-15-g7f486f2 (webtiles) character file.

228 sankara the Slasher (level 6, -19/50 HPs)
             Began as a Barachi Fighter on June 9, 2017.
             Was an Initiate of Ashenzari.
             Demolished by an ogre
             ... wielding a +0 giant spiked club
              (24 damage)
             ... on level 4 of the Dungeon.
             The game lasted 00:09:15 (3349 turns).

sankara the Slasher (Barachi Fighter)               Turns: 3349, Time: 00:09:16

Health: -19/50     AC: 11    Str: 17    XL:     6   Next: 2%
Magic:  6/6        EV:  3    Int:  9    God:    Ashenzari [......]
Gold:   137        SH:  9    Dex: 13    Spells: 5/5 levels left

rFire    . . .     SeeInvis .   a - +0 long sword
rCold    . . .     Gourm    .   c - +0 shield
rNeg     . . .     Faith    .   w - +0 plate armour (curse)
rPois    .         Spirit   .   (no helmet)
rElec    .         Reflect  .   (no cloak)
rCorr    .         Harm     .   (no gloves)
MR       .....                  (no boots)
Stlth    ..........             (no amulet)
Regen    0.2/turn               k - ring of flight
MPRegen  0.1/turn               (no ring)

@: slow
A: +LOS, swims, slowness 1, strong legs 1
a: Hop, Curse Item, Renounce Religion, Evoke Flight


You were on level 4 of the Dungeon.
You worshipped Ashenzari.
Ashenzari was noncommittal.
You were very hungry.

You visited 1 branch of the dungeon, and saw 4 of its levels.

You collected 137 gold pieces.

Inventory:

Hand Weapons
 a - a +0 long sword (weapon)
Armour
 c - a +0 shield (worn)
 w - a cursed +0 plate armour (worn)
Jewellery
 k - a ring of flight (left hand)
Wands
 b - a wand of confusion (22/48)
Scrolls
 e - 3 scrolls of remove curse
 i - a scroll of immolation {unknown}
 l - 2 scrolls of identify {unknown}
 n - a scroll of teleportation {unknown}
 o - a scroll of noise {unknown}
 p - a scroll of fog {unknown}
 q - 2 scrolls of blinking {unknown}
 r - a scroll of magic mapping {unknown}
 u - a scroll of fear {unknown}
 v - a scroll of recharging {unknown}
 x - a scroll of enchant weapon {unknown}
Potions
 d - 2 potions of might
 h - 2 potions of degeneration {unknown}
 j - a potion of brilliance {unknown}
 m - a potion of heal wounds {unknown}
 s - a potion of ambrosia {unknown}
 t - a potion of mutation {unknown}
 z - a potion of magic {unknown}
 A - a potion of curing {unknown}
Comestibles
 f - 2 bread rations


   Skills:
 + Level 4.9 Fighting
 * Level 5.3 Long Blades
 + Level 4.2 Armour
 - Level 0.7 Dodging
 - Level 4.0 Shields


You had 5 spell levels left.
You didn't know any spells.

Dungeon Overview and Level Annotations

Branches:
Dungeon (4/15)
 Temple: D:4-7

Altars:
Ashenzari
Trog
Yredelemnul

Shops:
D:4 *


Innate Abilities, Weirdness & Mutations

Shadows flee at your approach. (+LOS)
You can swim through water.
You cover ground slowly.
You can hop short distances.


Message History

Your plate armour prevents you from hitting the ogre.
The ogre is moderately wounded.
The ogre hits you with a giant spiked club!!
You are too injured to fight recklessly!
You are too injured to fight recklessly!
You are too injured to fight recklessly!
You slash the ogre!
The ogre is severely wounded.
You block the ogre's attack.
You hit the ogre.
The ogre is severely wounded.
The ogre hits you with a giant spiked club.
Your shield and plate armour prevent you from hitting the ogre.
The ogre is severely wounded.
The ogre hits you with a giant spiked club!
* * * LOW HITPOINT WARNING * * *
You hit the ogre.
The ogre is almost dead.
The ogre hits you with a giant spiked club!!
You die...

#..#......#.#.#
#.[..#......#..
#..#.#[)#.#####
.##. ##.#...<#.#
....# # ###..#.#
#...# #..#.# ...#
#..#.# #..#
###..#.# #..#
#....#@# #..#
#.#.##O#
#.>#######.#.##r#
#............##..
#..#######.####..
#..#.........
.... ###.#.##
#....#.##
...8#..# ####.#.#
###.#..# .#.#


You could see an ogre and a quokka.

Vanquished Creatures
  The ghost of Bareth the Chiller, an amateur DEIE (D:4)
  An orc priest (D:4)
  5 adders
  A worm (D:2)
  A leopard gecko (D:2)
  9 orcs
  9 bats
  5 giant cockroaches
  9 goblins
  2 hobgoblins
  7 jackals
  6 kobolds
  5 ball pythons
  2 frilled lizards
  12 rats
75 creatures vanquished.

Notes
Turn   | Place    | Note
-------+----------+-------------------------------------------
     0 | D:1      | sankara the Barachi Fighter began the quest for the Orb.
     0 | D:1      | Reached XP level 1. HP: 18/18 MP: 1/1
   100 | D:1      | Reached XP level 2. HP: 25/25 MP: 2/2
   364 | D:2      | Found a bloodstained altar of Trog.
   421 | D:2      | Reached skill level 3 in Long Blades
   504 | D:2      | Reached XP level 3. HP: 30/30 MP: 3/3
   837 | D:2      | Reached XP level 4. HP: 7/37 MP: 4/4
  1287 | D:2      | Reached skill level 4 in Long Blades
  1292 | D:2      | Found a shattered altar of Ashenzari.
  1298 | D:2      | Became a worshipper of Ashenzari the Shackled
  1645 | D:3      | Found a basalt altar of Yredelemnul.
  2368 | D:4      | Found Kaqueghe's General Store.
  2389 | D:4      | Reached XP level 5. HP: 41/43 MP: 5/5
  2447 | D:4      | Identified the cursed +0 leather armour "Teasme Nuac" {Str+3}
  2901 | D:4      | Noticed Bareth's ghost (amateur DEIE)
  3120 | D:4      | Killed Bareth's ghost
  3120 | D:4      | Reached skill level 5 in Long Blades
  3120 | D:4      | Reached XP level 6. HP: 16/50 MP: 6/6
  3349 | D:4      | Demolished by an ogre

Skill      XL: |  1  2  3  4  5 |
---------------+----------------+-----
Fighting       | 4 |  4.9
Long Blades    | 3 4 5 |  5.3
Shields        | 4 |  4.0
Armour         | 4 |  4.2
Dodging        | |  0.7

Action                   |  1- 3 |  4- 6 || total
-------------------------+-------+-------++-------
Melee: Long sword        |   113 |   159 ||   272
 Abil: Hop               |       |     1 ||     1
  Eat: Chunk             |       |     8 ||     8
Armor: Scale mail        |    62 |    41 ||   103
       Plate armour      |       |    63 ||    63
Dodge: Dodged            |    37 |    36 ||    73
Block: Shield            |    81 |    68 ||   149
       Rpst.: Long sword |     9 |    13 ||    22
